 Dungeon Crawl Stone Soup version 0.28.0-53-g5a82cb258f (webtiles) character file.

Game seed: 6800587280504090793

616 raph the Spear-Bearer (level 7, -1/53 HPs)
             Began as a Merfolk Gladiator on June 19, 2022.
             Was a Priest of Wu Jian.
             Slain by a black bear (2 damage)
             ... on level 5 of the Dungeon.
             The game lasted 00:08:09 (5010 turns).

raph the Spear-Bearer (Merfolk Gladiator)           Turns: 5010, Time: 00:08:10

Health: -1/53      AC: 12    Str: 14    XL:     7   Next: 45%
Magic:  7/7        EV: 13    Int:  7    God:    Wu Jian [***...]
Gold:   152        SH:  0    Dex: 18    Spells: 6/6 levels left

rFire   . . .      SeeInvis .   a - +0 trident
rCold   . . .      Faith    .   (no shield)
rNeg    . . .      Spirit   .   e - +0 ring mail
rPois   .          Reflect  .   p - +2 helmet
rElec   .          Harm     .   (no cloak)
rCorr   .          Rampage  .   g - +1 pair of gloves
Will    .....                   j - +1 pair of boots {Stlth+}
Stlth   ++........              (no amulet)
HPRegen 0.17/turn               (no ring)
MPRegen 0.10/turn               (no ring)

@: no status effects
A: (nimble swimmer 2), mertail
a: Renounce Religion, Wall Jump, Serpent's Lash


You were on level 5 of the Dungeon.
You worshipped Wu Jian.
Wu Jian was most pleased with you.
You visited 1 branch of the dungeon, and saw 5 of its levels.

You collected 152 gold pieces.

Inventory:

Hand Weapons
 a - a +0 trident (weapon)
 o - a +3 spear
Missiles
 d - 7 throwing nets (quivered)
 q - 5 boomerangs
Armour
 b - a +0 leather armour
 c - a +1 helmet
 e - a +0 ring mail (worn)
 g - a +1 pair of gloves (worn)
 j - a +1 pair of boots of stealth (worn)
 p - a +2 helmet (worn)
Jewellery
 n - a ring of fire
Wands
 m - a wand of flame (9)
 s - a wand of iceblast (3)
Scrolls
 l - a scroll of fog
 r - a scroll of teleportation
 v - a scroll of amnesia {unknown}
 w - a scroll of enchant weapon {unknown}
Potions
 f - a potion of curing
 h - a potion of lignification
 i - a potion of attraction
 k - a potion of haste
 t - a potion of invisibility {unknown}
 u - a potion of mutation {unknown}


   Skills:
 + Level 3.8 Fighting
 * Level 10.4 Polearms
 - Level 2.0 Throwing
 + Level 5.5 Dodging


You had 6 spell levels left.
You didn't know any spells.
Your spell library contained the following spells:

 Spells                   Type           Power      Damage    Failure   Level
 Magic Dart               Conj           0%         1d3       67%         1
 Call Imp                 Summ           0%         N/A       82%         2
 Dazzling Flash           Conj/Hex       0%         N/A       96%         3
 Mephitic Cloud           Conj/Pois/Air  0%         N/A       96%         3
 Agony                    Necr           0%         N/A       100%        5
 Silence                  Hex/Air        0%         N/A       100%        5


Dungeon Overview and Level Annotations

Branches:
Dungeon (5/15)
 Temple: D:4-7

Altars:
Ashenzari
Cheibriados
Wu Jian

Annotations:
D:4 1 runed translucent door, zurenarrh's ghost, amateur OgFi


Innate Abilities, Weirdness & Mutations

((You are very nimble when in or above water. (Stealth+, EV+, Speed+++)))
Your lower body shifts to a powerful aquatic tail in water.


Message History

You hit the black bear.
The black bear is severely wounded.
The black bear bites you. The black bear claws you. x2
You hit the black bear but do no damage.
The black bear is severely wounded.
The black bear misses you. x2
The black bear claws you but does no damage.
You closely miss the black bear.
The black bear is severely wounded.
The black bear bites you. The black bear misses you.
The black bear claws you but does no damage.
The black bear barely misses you. The black bear claws you.
The black bear completely misses you.
Okay, then.
Unknown command.
There is nothing to wall jump against here.
You spin and attack the black bear.
You hit the black bear but do no damage.
The black bear is severely wounded.
The black bear bites you!
* * * LOW HITPOINT WARNING * * *
The black bear closely misses you. The black bear misses you.
There is nothing to wall jump against here.
The black bear completely misses you.
The black bear claws you but does no damage. x2
Okay, then.
Aiming: Throw Flame
Press: ? - help, Shift-Dir - straight line, f/p - black bear
Aim: a black bear (severely wounded, berserk, 77% to hit)
The puff of flame hits the black bear.
The black bear is almost dead.
The black bear bites you!
* * * LOW HITPOINT WARNING * * *
The black bear completely misses you. The black bear misses you.
You hit the black bear.
The black bear is almost dead.
The black bear barely misses you.
The black bear claws you but does no damage. x2
The black bear bites you.
You die...

##.####........######
.............#......#
.#<..................
##..###.#.#..#####(.#
##..###.#.#..# #..# #
..........#..# #..###..##
(...###...#..#####........#
.................#..###...#
##....).........@h(.).....#
##.#........####.#..###...#
#....>......# #.#..# ..
).#.........# #.#..#
...........## #.#>.#
...........# #^#...
.........### #.#.###
...##..#..... .....
...##..######


You could see a black bear (berserk).

Vanquished Creatures
  Grinder (D:4)
  A centaur (D:4)
  A hound (D:5)
  An orc priest (D:5)
  Jessica (D:3)
  Ijyb (D:2)
  An orc wizard (D:5)
  Robin (D:3)
  4 gnolls (D:4)
  5 adders
  An ufetubus (D:4)
  2 worms (D:2)
  2 dart slugs (D:2)
  8 orcs
  2 ball pythons
  3 endoplasms
  11 giant cockroaches
  14 goblins
  9 hobgoblins
  3 quokkas (D:3)
  6 bats
  2 frilled lizards
  5 kobolds
  5 rats
90 creatures vanquished.

Vanquished Creatures (others)
  A plant (D:1)
1 creature vanquished.

Grand Total: 91 creatures vanquished

Notes
Turn   | Place    | Note
-------+----------+-------------------------------------------
     0 | D:1      | raph the Merfolk Gladiator began the quest for the Orb.
     0 | D:1      | Reached XP level 1. HP: 16/16 MP: 1/1
   513 | D:1      | Found a faded altar of an unknown god.
   520 | D:1      | Prayed at the altar of an unknown god.
   520 | D:1      | Became a worshipper of the Wu Jian Council
   520 | D:1      | Reached * piety under Wu Jian
   611 | D:2      | Reached skill level 5 in Polearms
   664 | D:2      | Reached XP level 2. HP: 22/22 MP: 2/2
   858 | D:2      | Reached skill level 6 in Polearms
   858 | D:2      | Reached XP level 3. HP: 27/27 MP: 3/3
  1197 | D:2      | Reached ** piety under Wu Jian
  1474 | D:3      | Reached XP level 4. HP: 33/33 MP: 4/4
  1477 | D:3      | Reached skill level 7 in Polearms
  1504 | D:3      | Noticed Jessica
  1511 | D:3      | Killed Jessica
  1786 | D:3      | Found a broken altar of Ashenzari.
  1967 | D:3      | Noticed Robin
  1979 | D:3      | Reached skill level 8 in Polearms
  1981 | D:3      | Reached XP level 5. HP: 38/38 MP: 5/5
  2006 | D:3      | Killed Robin
  2717 | D:3      | Noticed Ijyb
  3400 | D:2      | Killed Ijyb
  3400 | D:2      | Reached *** piety under Wu Jian
  3817 | D:4      | Noticed zurenarrh's ghost (amateur OgFi)
  3824 | D:4      | Found a runed translucent door.
  3955 | D:4      | Reached skill level 9 in Polearms
  3955 | D:4      | Reached XP level 6. HP: 42/46 MP: 6/6
  4176 | D:4      | Found a snail-covered altar of Cheibriados.
  4229 | D:4      | Noticed Grinder
  4233 | D:4      | Paralysed by Grinder for 2 turns
  4243 | D:4      | Killed Grinder
  4244 | D:4      | Reached skill level 10 in Polearms
  4244 | D:4      | Reached skill level 5 in Dodging
  4244 | D:4      | Reached XP level 7. HP: 44/52 MP: 7/7
  4766 | D:5      | Entered Level 5 of the Dungeon
  5009 | D:5      | HP: 1/53 [black bear (7)]
  5010 | D:5      | Slain by a black bear

Illustrated notes

Levels and vault maps discovered:
D:1:      dpeg_arrival_solitude, layout_basic,
          dreamdust_ecumenical_altar_hidden_monk_grotto, minmay_misc_feat_iff,
          hex_large
D:2:      minmay_general_purpose_star, layout_basic, hangedman_decor_growths,
          minmay_worlds_worst_comb
D:3:      layout_basic, lemuel_tele_altar, minmay_crystal_water,
          minmay_randomly_rotated_circles, uniq_ijyb, uniq_jessica, uniq_robin
D:4:      layout_loops_ring, mainiacjoe_overflow_24_doors,
          hellmonk_ghost_happy_afterlife, uniq_grinder
D:5:      layout_loops_ring

Skill      XL: |  1  2  3  4  5  6 |
---------------+-------------------+-----
Polearms       | 5 6 8 9 10 | 10.4
Fighting       | 3 |  3.8
Dodging        | 5 |  5.5
Throwing       | |  2.0

Action                   |  1- 3 |  4- 6 |  7- 9 || total
-------------------------+-------+-------+-------++-------
Melee: Trident           |   108 |   238 |    65 ||   411
       Punch             |     2 |     3 |     1 ||     6
       Spear             |       |    32 |       ||    32
Throw: Throwing net      |     2 |       |       ||     2
Invok: Whirlwind         |    25 |    33 |    16 ||    74
       Lunge             |     4 |     2 |       ||     6
 Abil: Wall Jump         |       |     2 |     1 ||     3
Evoke: Wand              |       |       |     1 ||     1
  Use: Scroll            |     2 |     4 |     1 ||     7
       Potion            |       |     1 |       ||     1
 Stab: Sleeping          |     1 |     2 |       ||     3
Armor: Ring mail         |    30 |    97 |    43 ||   170
       Leather armour    |     4 |       |       ||     4
Dodge: Dodged            |    47 |   155 |    45 ||   247
